 Dungeon Crawl Stone Soup version 0.30-a0-782-ge64f9170bb (webtiles) character file.

Game seed: 3693444830916728898

431 theswoord the Twirler (level 6, -2/44 HPs)
             Began as a Demonspawn Gladiator on Feb 19, 2023.
             Slain by a phantom (3 damage)
             ... on level 4 of the Dungeon.
             The game lasted 00:04:50 (3465 turns).

theswoord the Twirler (Demonspawn Gladiator)        Turns: 3465, Time: 00:04:51

Health: -2/44      AC:  1    Str: 14 (16) XL:     6   Next: 67%
Magic:  6/6        EV:  6    Int:  8 (9)  God:
Gold:   212        SH:  0    Dex: 12 (15) Spells: 5/5 levels left

rFire   . . .      SeeInvis .    a - +0 quarterstaff
rCold   . . .      Faith    .    (shield currently unavailable)
rNeg    . . .      Spirit   .    l - +0 chain mail
rPois   .          Reflect  .    (helmet restricted)
rElec   .          Harm     .    n - +0 cloak
rCorr   .          Rampage  .    (no gloves)
Will    .....                    (no boots) Stlth
                                 (no amulet)
HPRegen 0.27/turn                (no ring)
MPRegen 0.10/turn                (no ring)

@: mighty, about to teleport, corroded
A: hooves 1, horns 1, spiny 1, weakness stinger 1
a: no special abilities


You were on level 4 of the Dungeon.
You visited 2 branches of the dungeon, and saw 5 of its levels.

You collected 212 gold pieces.

Inventory:

Hand Weapons
 a - a +0 quarterstaff (weapon)
Missiles
 d - a throwing net (quivered)
 e - a javelin
Armour
 b - a +0 leather armour
 c - a +0 helmet
 l - a +0 chain mail (worn)
 n - a +0 cloak (worn)
Jewellery
 k - a ring of positive energy
 r - a ring of magical power
Scrolls
 g - a scroll of poison
 i - 2 scrolls of teleportation
 p - a scroll of blinking
Potions
 f - a potion of might
 h - a potion of lignification
 m - a potion of cancellation {unknown}
 o - a potion of heal wounds {unknown}
 q - a potion of mutation {unknown}
 s - 2 potions of magic {unknown}


   Skills:
 - Level 2.0 Fighting
 + Level 7.0 Staves
 - Level 1.7 Throwing
 - Level 2.6 Dodging


You had 5 spell levels left.
You didn't know any spells.
Your spell library contained the following spells:

 Spells                   Type           Power      Damage    Failure   Level
 Apportation              Tloc           0%         N/A       100%        1
 Necrotise                Necr           0%         1d4       100%        1
 Summon Small Mammal      Summ           0%         N/A       100%        1
 Stone Arrow              Conj/Erth      0%         3d7       100%        3
 Animate Armour           Summ/Erth      0%         N/A       100%        4
 Lehudib's Crystal Spear  Conj/Erth      0%         10d2      100%        8


Dungeon Overview and Level Annotations

Branches:
Dungeon (4/15)             Temple (1/1) D:4

Altars:
Dithmenos
Fedhas
Hepliaklqana
Makhleb
Nemelex Xobeh
Okawaru
Qazlal
Ru
Sif Muna
Uskayaw
Vehumet
Xom

Shops:
D:1 (


Innate Abilities, Weirdness & Mutations

You have large cloven feet.
You have a pair of small horns on your head.
You are partially covered in sharp spines.
You have a small tail.


Message History

You kick the jelly, but do no damage.
An iguana comes into view.
The jelly is struck by your spines. The jelly hits you.
You are splashed with acid!
There are monsters nearby!
You hit the jelly but do no damage.
Your hands burn!
The jelly is struck by your spines. The jelly closely misses you.
You hit the jelly.
Your hands burn!
* * * LOW HITPOINT WARNING * * *
You kick the jelly. Your headbutt misses the jelly.
The jelly hits you but does no damage.
You thump the jelly! The acid corrodes you!
Your hands burn!
* * * LOW HITPOINT WARNING * * *
You kick the jelly, but do no damage.
You headbutt the jelly, but do no damage.
Your tail-slap misses the jelly.
The jelly is struck by your spines.
You kill the jelly!
Your Staves skill increases to level 7!
The phantom is struck by your spines. The phantom hits you.
* * * LOW HITPOINT WARNING * * *
There is an open door here.
Throw: 2 throwing nets
Aim: a phantom (moderately damaged, 48% to hit, immune to nets)
You throw a throwing net. The throwing net misses the phantom.
The throwing net closely misses the iguana.
The phantom attacks as you move away! The phantom is struck by your spines.
The phantom hits you.
* * * LOW HITPOINT WARNING * * *
As you read the scroll of teleportation, it crumbles to dust.
You feel strangely unstable. The phantom hits you!
* * * LOW HITPOINT WARNING * * *
It was a potion of might.
You feel very mighty all of a sudden. The phantom hits you.
* * * LOW HITPOINT WARNING * * *
It was a potion of degeneration.
There was something very wrong with that liquid.
You feel weakened.
You feel dopey.
You feel clumsy. The phantom hits you.
You die...

##.#....####....(....####...###
...........+..................#
##..<...####.........####...#.#
###.#.## #.......# ##.##.#
#.### #.....# ####.# #.# #...#
#.# #.# #l# #.# #.###### #W#
#.# #......# #@# #.#
######.######.## #.#
##.##......###########.#
#...........##.........#
#.##...##..###.#########
##.##...##.####.##
#..........###.#.##
#....†>.).....###.#
#..........###.#.##


You could see a phantom and an iguana.

Vanquished Creatures
  A black bear (D:4)
  An ogre (D:4)
  An orc priest (D:3)
  2 jellies (D:4)
  An iguana (D:4)
  An orc wizard (D:3)
  2 adders
  6 worms
  2 dart slugs
  2 orcs (D:3)
  3 ball pythons
  7 endoplasms
  4 giant cockroaches
  3 goblins
  9 hobgoblins
  5 jackals
  6 kobolds
  3 quokkas
  8 bats
  2 frilled lizards (D:1)
  3 rats
72 creatures vanquished.

Notes
Turn   | Place    | Note
-------+----------+-------------------------------------------
     0 | D:1      | theswoord the Demonspawn Gladiator began the quest for the
                  | Orb.
     0 | D:1      | Reached XP level 1. HP: 16/16 MP: 1/1
    20 | D:1      | Reached skill level 3 in Staves
    37 | D:1      | Found Rohineypp's Weapon Boutique.
    78 | D:1      | Discovered your monstrous ancestry.
    78 | D:1      | Gained mutation: You have large cloven feet. [demonic
                  | ancestry]
    78 | D:1      | Reached XP level 2. HP: 18/22 MP: 2/2
   746 | D:2      | Gained mutation: You are partially covered in sharp spines.
                  | [demonic ancestry]
   746 | D:2      | Reached XP level 3. HP: 27/27 MP: 3/3
   790 | D:2      | Reached skill level 4 in Staves
  1442 | D:3      | Gained mutation: You have a small tail. [demonic ancestry]
  1442 | D:3      | Reached XP level 4. HP: 33/33 MP: 4/4
  1488 | D:3      | Found a faded altar of an unknown god.
  1762 | D:3      | Reached skill level 5 in Staves
  1895 | D:3      | Found a faded altar of an unknown god.
  1899 | D:3      | Found a burning altar of Makhleb.
  2396 | D:3      | Gained mutation: You have a pair of small horns on your
                  | head. [demonic ancestry]
  2396 | D:3      | Reached XP level 5. HP: 25/38 MP: 5/5
  2786 | D:4      | Noticed an ogre
  2796 | D:4      | Killed an ogre
  2797 | D:4      | Reached skill level 6 in Staves
  2797 | D:4      | Reached XP level 6. HP: 23/44 MP: 6/6
  2955 | D:4      | Found a shadowy altar of Dithmenos.
  3026 | D:4      | Found a staircase to the Ecumenical Temple.
  3046 | Temple   | Entered the Ecumenical Temple
  3459 | D:4      | Reached skill level 7 in Staves
  3463 | D:4      | HP: 2/44 [phantom (8)]
  3465 | D:4      | Slain by a phantom

Skill      XL: |  1  2  3  4  5  6 |
---------------+-------------------+-----
Staves         | 3 4 5 6 7 |  7.0
Fighting       | |  2.0
Throwing       | |  1.7
Dodging        | |  2.6

Action                     |  1- 3 |  4- 6 || total
---------------------------+-------+-------++-------
  Melee: Quarterstaff      |    84 |    74 ||   158
         Kick              |    11 |    23 ||    34
         Tailslap          |       |     5 ||     5
         Headbutt          |       |     3 ||     3
  Throw: Throwing net      |       |     2 ||     2
    Use: Scroll            |     6 |     2 ||     8
         Potion            |       |     3 ||     3
   Stab: Sleeping          |     1 |       ||     1
 Armour: Leather armour    |    20 |       ||    20
         Skin              |       |     8 ||     8
         Chain mail        |       |    23 ||    23
  Dodge: Dodged            |    43 |    16 ||    59

Levels and vault maps discovered:
D:1:      dpeg_arrival_rooms_with_view, layout_basic, serial_shops, shop,
          eino_curves_04
D:2:      layout_loops_ring
D:3:      layout_basic, nicolae_overflow_ecumenical_swirl,
          ebering_ecumenical_altar_petrified, nicolae_elevator_lobby_asterisk
D:4:      minmay_chambers_of_fours, layout_loops_corners,
          grunt_dithmenos_smoke_and_mirrors, minmay_temple_entry_stoned_glass,
          st_stairs_8
Temple:   chequers_temple_sunken
